 Dungeon Crawl Stone Soup version 0.30-a0-210-g01b79a254e (webtiles) character file.

Game seed: 6625875487563058300

992 MudFish the Conjurer (level 7, -2/56 HPs)
             Began as a Green Draconian Conjurer on Sept 25, 2022.
             Was an Initiate of Sif Muna.
             Slain by a hornet (6 damage)
             ... on level 6 of the Dungeon on Oct 4, 2022.
             The game lasted 00:16:29 (5569 turns).

MudFish the Conjurer (Green Draconian Conjurer)     Turns: 5569, Time: 00:16:30

Health: -2/56      AC:  8    Str: 10    XL:     7   Next: 98%
Magic:  15/15      EV: 12    Int: 20    God:    Sif Muna [......]
Gold:   278        SH:  0    Dex:  9    Spells: 0/16 levels left

rFire   . . .      SeeInvis .      - Unarmed
rCold   . . .      Faith    .    (no shield)
rNeg    . . .      Spirit   .    (body armour unavailable)
rPois   +          Reflect  .    (helmet restricted)
rElec   .          Harm     .    (no cloak)
rCorr   .          Rampage  .    o - +1 pair of gloves
Will    .....                    (no boots)
Stlth   ++........               e - amulet of magic regeneration
HPRegen 0.29/turn                (no ring)
MPRegen 0.54/turn                (no ring)

@: slowed, very slow
A: breathe noxious fumes, AC +6, unfitting armour, poison resistance,
cold-blooded
a: Breathe Noxious Fumes, Renounce Religion


You were on level 6 of the Dungeon.
You worshipped Sif Muna.
Sif Muna was noncommittal.
You visited 2 branches of the dungeon, and saw 7 of its levels.

You collected 278 gold pieces.

Inventory:

Hand Weapons
 k - a +2 dagger of freezing
 u - a +0 flail
Missiles
 t - 2 throwing nets
Armour
 o - a +1 pair of gloves (worn)
Jewellery
 e - an amulet of magic regeneration (around neck)
 h - an amulet of regeneration
 p - an amulet of reflection
Wands
 i - a wand of charming (11)
Scrolls
 c - a scroll of vulnerability
 g - a scroll of brand weapon
 n - a scroll of fear
 q - a scroll of blinking
 r - a scroll of teleportation
Potions
 a - a potion of magic
 b - 3 potions of flight
 d - a potion of attraction
 f - 2 potions of might
 j - a potion of cancellation
 v - a potion of degeneration


   Skills:
 + Level 2.6 Fighting
 - Level 1.7 Dodging
 - Level 1.7 Stealth
 - Level 3.2 Unarmed Combat
 * Level 5.4 Spellcasting
 * Level 7.1 Conjurations


You couldn't memorise any spells.
You knew the following spells:

 Your Spells              Type           Power      Damage    Failure   Level
a - Magic Dart            Conj           100%       1d8       1%          1
b - Searing Ray           Conj           66%        2d6       1%          2
c - Dazzling Flash        Conj/Hex       38%        N/A       8%          3
d - Blink                 Tloc           10%        N/A       17%         2
e - Fulminant Prism       Conj/Hex       9%         3d7       26%         4
f - Iskenderun's Mystic   Conj/Tloc      19%        2d6       26%         4

Your spell library contained the following spells:

 Spells                   Type           Power      Damage    Failure   Level
 Stone Arrow              Conj/Erth      38%        3d9       8%          3
 Sandblast                Erth           10%        2d5       11%         1
 Passwall                 Tmut/Erth      4%         N/A       17%         2
 Sublimation of Blood     Necr           5%         N/A       17%         2
 Lesser Beckoning         Tloc           10%        N/A       32%         3
 Irradiate                Conj/Tmut      9%         3d14      58%         5
 Manifold Assault         Tloc           5%         N/A       73%         4
 Petrify                  Tmut/Erth      5%         N/A       73%         4
 Chain Lightning          Conj/Air       9%         3d12      100%        9
 Fire Storm               Conj/Fire      9%         8d3       100%        9
 Shatter                  Erth           2%         3d6*      100%        9


Dungeon Overview and Level Annotations

Branches:
Dungeon (6/15)             Temple (1/1) D:5

Altars:
Ashenzari
Dithmenos
Elyvilon
Fedhas
Hepliaklqana
Kikubaaqudgha
Nemelex Xobeh
Okawaru
Qazlal
Sif Muna
Trog
Vehumet
Wu Jian
Xom
Zin
The Shining One

Shops:
D:3 :


Innate Abilities, Weirdness & Mutations

You can breathe blasts of noxious fumes.
Your lurid green scales are hard. (AC +6)
You cannot fit into any form of body armour.
Your system is resistant to poisons. (rPois)
You are cold-blooded and may be slowed by cold attacks.


Message History

A hornet is nearby!
Casting: Searing Ray (safe; 1% risk of failure)
Confirm with . or Enter, or press ? or * to list all spells.
Aiming: Searing Ray (safe; 1% risk of failure)
Press: ? - help, Shift-Dir - straight line, f/p - hornet
Aim: a hornet (heavily wounded, confused, 88% to hit)
The searing ray hits the hornet but does no damage.
The hornet is heavily wounded. (Press . to maintain the ray.)
The searing ray hits the hornet.
The hornet is heavily wounded.
The hornet stings you but does no damage.
The hornet closely misses you.
The searing ray hits the hornet.
The hornet is severely wounded.
The hornet seems less confused.
The hornet stings you!
The searing ray misses the hornet.
You finish channelling your searing ray.
The hornet closely misses you.
The hornet stings you but does no damage.
The hornet barely misses you.
You have got your breath back.
The hornet stings you. The hornet stings you!
You are poisoned.
You feel sick. The hornet barely misses you.
You feel sick. The hornet stings you.
You feel yourself slow down. The hornet barely misses you.
You feel sick. The hornet barely misses you. The hornet stings you.
You feel as though you will be slow longer.
You feel sick. The hornet stings you!
* * * LOW HITPOINT WARNING * * *
The hornet closely misses you.
You feel sick. The hornet stings you.
* * * LOW HITPOINT WARNING * * *
The hornet closely misses you.
You feel sick.
You are no longer poisoned.
The hornet stings you but does no damage.
The hornet stings you.
You die...

### #
#.#!#
#@y.#
#####


You could see a hornet.

Vanquished Creatures
  A black bear (D:5)
  An ice beast (D:5)
  An ogre (D:5)
  A gnoll sergeant (D:5)
  A scorpion (D:5)
  A necrophage (D:5)
  2 jellies (D:4)
  An orc priest (D:4)
  4 hounds
  A gnoll bouda (D:5)
  An orc wizard (D:4)
  8 adders
  13 gnolls
  A shadow imp (D:5)
  2 ufetubi
  A worm (D:2)
  2 dart slugs
  8 orcs
  8 ball pythons
  5 endoplasms
  3 giant cockroaches
  3 hobgoblins
  3 kobolds
  3 quokkas
  6 bats
  A frilled lizard (D:1)
  7 goblins
  4 rats
93 creatures vanquished.

Notes
Turn   | Place    | Note
-------+----------+-------------------------------------------
     0 | D:1      | MudFish the Draconian Conjurer began the quest for the Orb.
     0 | D:1      | Reached XP level 1. HP: 14/14 MP: 3/3
   430 | D:1      | Reached XP level 2. HP: 20/20 MP: 3/5
   588 | D:1      | Learned a level 2 spell: Searing Ray
   991 | D:2      | Reached XP level 3. HP: 26/26 MP: 3/6
  1007 | D:2      | Learned a level 3 spell: Dazzling Flash
  1171 | D:2      | Reached skill level 5 in Conjurations
  1567 | D:3      | Reached skill level 1 in Unarmed Combat
  1635 | D:3      | Reached XP level 4. HP: 33/33 MP: 5/7
  1887 | D:3      | Found Beno's Book Emporium.
  2340 | D:3      | Found a faded altar of an unknown god.
  2597 | D:4      | Reached XP level 5. HP: 31/38 MP: 9/9
  3448 | D:4      | Reached XP level 6. HP: 45/45 MP: 8/11
  3865 | D:4      | Learned a level 2 spell: Blink
  3870 | D:4      | Learned a level 4 spell: Fulminant Prism
  3912 | D:5      | Entered Level 5 of the Dungeon
  4064 | D:5      | Reached skill level 6 in Conjurations
  4077 | D:5      | Reached skill level 1 in Fighting
  4077 | D:5      | Your scales start taking on a lurid green colour.
  4077 | D:5      | Reached XP level 7. HP: 29/52 MP: 6/13
  4077 | D:5      | Gained mutation: Your system is resistant to poisons.
                  | (rPois) [Green Draconian growth]
  4534 | D:5      | Identified the +3 buckler of Tempters {Str+2 Slay+3}
  4560 | D:5      | Reached skill level 5 in Spellcasting
  4578 | D:5      | HP: 2/55 [gnoll sergeant/+0 long sword (4)]
  4899 | D:5      | Reached skill level 7 in Conjurations
  4901 | D:5      | Found a staircase to the Ecumenical Temple.
  5015 | Temple   | Entered the Ecumenical Temple
  5025 | Temple   | Became a worshipper of Sif Muna the Loreminder
  5238 | Temple   | Upgraded the game from 0.30-a0-141-g30f27751c5 to
                  | 0.30-a0-210-g01b79a254e
  5310 | D:5      | Found an iron altar of Okawaru.
  5349 | D:5      | Learned a level 4 spell: Iskenderun's Mystic Blast
  5537 | D:6      | Noticed a hornet
  5569 | D:6      | Slain by a hornet

Illustrated notes

Levels and vault maps discovered:
D:1:      roderic_chinese_lattice_arrival, layout_basic
D:2:      layout_loops_ring
D:3:      layout_basic, shapermc_ecumenical_altar_hornbeckon, serial_shops,
          nicolae_shop_behind_doors, nrook_mini_backslash
D:4:      layout_basic, kennysheep_generic_room_15
D:5:      layout_loops_ring, mainiacjoe_overflow_surrounded_room,
          minmay_temple_entry_ruins
D:6:      layout_basic, minmay_misc_feat_rugged, uniq_prince_ribbit1,
          uniq_eustachio
Temple:   nicolae_temple_two_arcs

Skill      XL: |  1  2  3  4  5  6  7 |
---------------+----------------------+-----
Conjurations   | 5 6 7 |  7.1
Unarmed Combat | 1 2 3 |  3.2
Spellcasting   | 3 4 5 |  5.4
Fighting       | 1 2 |  2.6
Dodging        | |  1.7
Stealth        | |  1.7

Action                   |  1- 3 |  4- 6 |  7- 9 || total
-------------------------+-------+-------+-------++-------
Melee: Unarmed           |    17 |    22 |       ||    39
       Punch             |     1 |       |       ||     1
 Cast: Magic Dart        |    58 |    90 |    15 ||   163
       Searing Ray       |     2 |    15 |    16 ||    33
       Dazzling Flash    |       |       |     1 ||     1
 Abil: Breathe Noxious F |       |       |     1 ||     1
  Use: Scroll            |       |     8 |     4 ||    12
       Potion            |       |     6 |     2 ||     8
Armor: Skin              |     5 |    18 |    13 ||    36
Dodge: Dodged            |    18 |    51 |    29 ||    98

Table legend: (Time is in decaauts)
 A = Elapsed time spent in this place.
 B = Non-inter-level travel time spent in this place.
 C = Inter-level travel time spent in this place.
 D = Time resting spent in this place.
 E = Time spent auto-exploring this place.
 F = Levels seen in this place.
 G = Mean time per level.
                   A        B        C        D        E       F      G
               +--------+--------+--------+--------+--------+-----+--------+
         Total |   5578 |   5439 |    139 |   1125 |   3501 |   7 |  796.9 |
       Dungeon |   5352 |   5213 |    139 |    925 |   3501 |   6 |  892.0 |
        Temple |    226 |    226 |      0 |    200 |      0 |   1 |  226.0 |
               +--------+--------+--------+--------+--------+-----+--------+

Top non-repeatable levels by time:
     D:5: 1398 daAuts
     D:4: 1349 daAuts
     D:3: 1091 daAuts
     D:1: 962 daAuts
     D:2: 517 daAuts
  Temple: 226 daAuts
     D:6: 33 daAuts
